 Dungeon Crawl Stone Soup version 0.15-a0-2232-g756d4b8 (webtiles) character file.

1561 Archteshnor the Poker (level 9, -2/71 HPs)
             Began as a Human Chaos Knight on July 25, 2014.
             Was a Plaything of Xom.
             Slain by a sky beast (4 damage)
             ... on Level 5 of the Dungeon.
             The game lasted 00:33:37 (6296 turns).

Archteshnor the Poker (Human Chaos Knight)          Turns: 6296, Time: 00:33:37

HP  -2/71        AC -12    Str 16      XL: 9   Next: 13%
MP   0/9         EV 15     Int  9      God: Xom
Gold 44          SH  0     Dex 16      Spells:  0 memorised,  8 levels left

rFire  + . .     SeeInvis .     F - +0 spear (chaos)
rCold  . . .     Clarity  .     B - +2 robe "Jiesh" {Str+3 Int-3 Curse}
rNeg   . . .     rCorr    .     (no shield)
rPois  .         rRot     .     A - +0 hat
rElec  .         Spirit   +     v - +1 cloak
SustAb .         Warding  .     r - +0 pair of gloves
rMut   .         Stasis   .     (no boots)
Gourm  .                        t - amulet of guardian spirit
MR     .....                    (no ring)
                                D - ring of protection from fire

@: corroded equipment, not resistant to hostile enchantments, very unstealthy
A: no striking features
a: Renounce Religion


You were on level 5 of the Dungeon.
You worshipped Xom.
You were a toy of Xom.
You were not hungry.

You visited 1 branch of the dungeon, and saw 6 of its levels.
You also visited: Sewer.

You collected 256 gold pieces.
You spent 212 gold pieces at shops.

Inventory:

Hand weapons
 a - a +0 dagger
 E - a +1 mace of protection
 F - a +0 spear of chaos (weapon)
 G - a +2 dagger of venom
Missiles
 P - 9 stones (quivered)
Armour
 b - a +2 leather armour
 k - a +0 large shield
 o - a +1 robe of fire resistance
 r - a +0 pair of gloves (worn)
 v - a +1 cloak (worn)
 A - a +0 hat (worn)
 B - the +2 robe "Jiesh" (worn) {Str+3 Int-3 Curse}
   (You bought it in a shop on level 5 of the Dungeon)

   It affects your strength (+3).
   It affects your intelligence (-3).
   It may recurse itself when equipped.
 K - a +0 ring mail
Magical devices
 f - a wand of teleportation (8) {unknown}
 q - a wand of digging (5)
 x - a wand of paralysis (1) {unknown}
 M - a wand of confusion (6) {unknown}
 N - a wand of cold (4) {unknown}
Comestibles
 c - 7 bread rations
 d - 4 beef jerkies
 s - 4 meat rations
 Q - a chunk of adder flesh
Scrolls
 e - a scroll of recharging
 l - 3 scrolls of blinking
 u - a scroll of fog
 y - 3 scrolls of teleportation
 J - a scroll of fear
Jewellery
 t - an amulet of guardian spirit (around neck)
 w - an uncursed amulet of resist mutation
 D - a ring of protection from fire (left hand)
Potions
 g - a potion of cancellation
 h - 3 potions of curing
 i - a potion of agility {unknown}
 j - a potion of haste {unknown}
 m - 5 potions of brilliance
 z - 4 potions of might
 H - a potion of magic {unknown}
 L - a potion of flight {unknown}
 O - a potion of berserk rage {unknown}


   Skills:
 + Level 6.6 Fighting
 * Level 7.6 Polearms
 - Level 2.0 Armour
 + Level 5.7 Dodging


You had 8 spell levels left.
You didn't know any spells.

Dungeon Overview and Level Annotations

Branches:
Dungeon (6/15)             Temple (0/1) D:6

Altars:
Ashenzari
Cheibriados
Dithmenos
Elyvilon
Fedhas
Kikubaaqudgha
Makhleb
Trog
Xom
The Shining One

Shops:
D:5 *

Annotations:
D:6 Pikel
Abyss:1 Duvessa


Message History

You feel much better. Something hits you. Something shocks you.
Drink which item? (? for menu, Esc to quit)
You feel much better. Something hits you. Something shocks you.
You hit something but do no damage. Something closely misses you.
You hit something but do no damage. Something hits you. Something shocks you.
You hit something but do no damage. You barely miss something.
Something hits you. Something shocks you.
* * * LOW HITPOINT WARNING * * *
You hit something but do no damage. Something hits you.
* * * LOW HITPOINT WARNING * * *
Something shocks you.
* * * LOW HITPOINT WARNING * * *
You barely miss something. Something hits you.
* * * LOW HITPOINT WARNING * * *
Something shocks you.
* * * LOW HITPOINT WARNING * * *
You barely miss something. You barely miss something.
Something barely misses you.
You hit something but do no damage. Something hits you.
You die...

#..# ##...##
#..# ##...#
#..# #...#
#..# #...# ###
##.## ##..##
##.. # ###..#
#...# #...
###...##
##..## #...
.....## ##..##
#... ....##
##.@.# #^..
...## ##...##
#... ...#
##..### #...
...## ##..##
#... ....#
##..## #...
..)<## ##..##
##...
###..####..##
##....
##......##
########.....
##.....#
##....##.....#


There were no monsters in sight!

Vanquished Creatures
  2 phantoms
  A black bear (D:6)
  An ogre (D:5)
  A giant frog (D:6)
  A scorpion (D:6)
  Dowan (D:4)
  A crimson imp (D:5)
  3 hounds
  Crazy Yiuf (D:3)
  A giant frog skeleton (D:5)
  An orc priest (D:4)
  5 orc wizards
  A black bear skeleton (D:4)
  4 worker ants
  Ijyb (D:3)
  An ogre skeleton (D:4)
  3 gnolls (D:3)
  12 adders
  A shadow imp (D:6)
  3 giant mites
  2 worms
  2 giant geckos
  2 oozes
  24 orcs
  A bat zombie (D:6)
  9 giant cockroaches
  8 hobgoblins
  13 jackals
  18 kobolds
  2 quokkas (D:2)
  5 ball pythons
  8 bats
  4 giant newts
  20 goblins
  A kobold zombie (D:5)
  12 rats
  A fungus (D:3)
  4 toadstools (D:1)
181 creatures vanquished.

Vanquished Creatures (collateral kills)
  A boring beetle (D:5)
  A gnoll (D:3)
  A hobgoblin (D:3)
  A kobold (D:3)
  A quokka (D:4)
5 creatures vanquished.

Vanquished Creatures (others)
  The ghost of soonmide the Grave Robber, an average DDNe (D:4)
  A slave (D:6)
  A scorpion (D:6)
  A crimson imp (D:4)
  A white imp (D:4)
  A giant gecko (D:6)
  An orc (D:4)
  A giant spore (D:6)
  3 toadstools (D:1)
11 creatures vanquished.

Grand Total: 197 creatures vanquished

Notes
Turn   | Place    | Note
--------------------------------------------------------------
     0 | D:1      | Archteshnor, the Human Chaos Knight, began the quest for the Orb.
     0 | D:1      | Reached XP level 1. HP: 18/18 MP: 1/1
   148 | D:1      | XOM: silly message
   190 | D:1      | Reached XP level 2. HP: 22/24 MP: 2/2
   373 | D:1      | Reached XP level 3. HP: 29/29 MP: 3/3
   672 | D:2      | XOM: harmless Chrm miscast
   945 | D:2      | XOM: silly message
  1007 | D:2      | XOM: confuse monster(s)
  1010 | D:2      | Reached XP level 4. HP: 30/37 MP: 4/4
  1052 | D:2      | Found a blossoming altar of Fedhas.
  1056 | D:2      | XOM: noise
  1141 | D:2      | XOM: noise
  1171 | D:2      | XOM: colour smoke trail
  1497 | D:2      | XOM: noise
  1546 | D:3      | Reached skill level 4 in Fighting
  1566 | D:3      | Reached XP level 5. HP: 28/42 MP: 5/5
  1776 | D:3      | Found a white marble altar of Elyvilon.
  1779 | D:3      | Found a shattered altar of Ashenzari.
  1782 | D:3      | Found a blossoming altar of Fedhas.
  1785 | D:3      | Found an ancient bone altar of Kikubaaqudgha.
  1795 | D:3      | XOM: colour smoke trail
  1968 | D:3      | Noticed Crazy Yiuf
  1973 | D:3      | Killed Crazy Yiuf
  1973 | D:3      | Reached XP level 6. HP: 49/49 MP: 6/6
  2095 | D:3      | XOM: harmless Tloc miscast
  2188 | D:3      | Noticed Ijyb
  2208 | D:3      | Killed Ijyb
  2309 | D:3      | XOM: cast spell 'Call Canine Familiar'
  2459 | D:4      | XOM: divination: detect creatures
  2528 | D:4      | Reached skill level 5 in Fighting
  2607 | D:4      | Found a shadowy altar of Dithmenos.
  2660 | D:4      | Noticed soonmide's ghost (average DDNe)
  2660 | D:4      | XOM: summons 4 friendly demons
  2679 | D:4      | Banished soonmide's ghost
  2679 | D:4      | Reached XP level 7. HP: 53/56 MP: 7/7
  2700 | D:4      | Found a glowing golden altar of the Shining One.
  2799 | D:4      | Reached skill level 5 in Polearms
  2845 | D:4      | XOM: medium Ice miscast
  2970 | D:4      | Found a snail-covered altar of Cheibriados.
  2973 | D:4      | Found a shimmering altar of Xom.
  2973 | D:4      | Found a bloodstained altar of Trog.
  2978 | D:4      | Found a burning altar of Makhleb.
  2978 | D:4      | Noticed Duvessa
  2979 | D:4      | Noticed Dowan
  2992 | D:4      | Banished Duvessa
  2994 | D:4      | XOM: enchant monster (good)
  2997 | D:4      | XOM: silly message
  3009 | D:4      | Killed Dowan
  3025 | D:4      | XOM: mild Divn miscast
  3122 | D:5      | Entered Level 5 of the Dungeon
  3131 | D:5      | Found Kotabuh's General Store.
  3139 | D:5      | Bought the +2 robe "Jiesh" {Str+3 Int-3 Curse} for 212 gold pieces
  3141 | D:5      | XOM: swap weapons
  3436 | D:5      | XOM: harmless Erth miscast
  3809 | D:5      | Found a glowing drain.
  3821 | D:5      | Reached XP level 8. HP: 63/63 MP: 8/8
  3830 | Sewer    | Entered a sewer
  4520 | D:5      | Noticed a troll
  4780 | D:5      | Reached skill level 6 in Polearms
  4974 | D:5      | XOM: noise
  5022 | D:5      | XOM: blink monster(s)
  5200 | D:5      | XOM: noise
  5377 | D:5      | Reached skill level 5 in Dodging
  5393 | D:6      | XOM: cast spell 'Beastly Appendage'
  5458 | D:6      | XOM: enchant monster (good)
  5489 | D:6      | Reached skill level 7 in Polearms
  5526 | D:6      | XOM: god gift: ring mail {god gift}
  5566 | D:6      | Noticed Pikel
  5566 | D:6      | XOM: divine lightning (protected)
  5668 | D:5      | XOM: god gift: 4 meat rations
  5704 | D:5      | XOM: summons friendly chaos spawn
  5838 | D:5      | a troll changed into a boring beetle
  5866 | D:6      | Found a staircase to the Ecumenical Temple.
  5946 | D:6      | XOM: cast spell 'Metabolic Englaciation'
  5953 | D:6      | XOM: divination: detect creatures
  5965 | D:6      | Reached XP level 9. HP: 39/71 MP: 4/9
  6164 | D:6      | XOM: silly message
  6182 | D:6      | XOM: divination: detect creatures
  6263 | D:5      | XOM: enchant monster (bad)
  6267 | D:5      | XOM: cast spell 'Dispersal'
  6293 | D:5      | HP: 1/71 [something (4)]
  6296 | D:5      | Slain by a sky beast

Action                   |  1- 3 |  4- 6 |  7- 9 || total
-------------------------+-------+-------+-------++-------
Melee: Spear             |   111 |   244 |   477 ||   832
       Dagger            |       |       |    52 ||    52
       Mace              |       |       |    23 ||    23
Throw: Stone             |       |       |     2 ||     2
Evoke: Wand              |       |     1 |       ||     1
  Use: Scroll            |       |     4 |    16 ||    20
       Potion            |       |       |     6 ||     6
 Stab: Paralysed         |     1 |     2 |    12 ||    15
       Confused          |       |     2 |     1 ||     3
       Distracted        |       |     1 |     1 ||     2
       Petrified         |       |       |     2 ||     2
       Petrifying        |       |       |     2 ||     2
       Sleeping          |       |       |     1 ||     1
  Eat: Chunk             |       |     6 |     7 ||    13
       Fruit             |       |       |     4 ||     4
       Meat ration       |       |       |     1 ||     1
